 Dungeon Sprint DCSS version 0.26-a0-863-g3bff4b215c (webtiles) character file.

Game seed: 7341830925139546553

137 sahdkjhfkaj the Firebug (level 5, -2/28 HPs)
             Began as a Deep Elf Fire Elementalist on Nov 26, 2020.
             Was an Initiate of Sif Muna.
             Shot with an arrow by a deep elf archer (17 damage)
             ... in the Dungeon (Sprint V: "Ziggurat Sprint").
             The game lasted 00:02:23 (276 turns).

sahdkjhfkaj the Firebug (Deep Elf Fire Elementalist) Turns: 276, Time: 00:02:23

Health: -2/28      AC:  2    Str:  5    XL:     5   Next: 0%
Magic:  10/15      EV: 13    Int: 33    God:    Sif Muna [......]
Gold:   0          SH:  0    Dex: 15    Spells: 10/16 levels left

rFire    . . .     SeeInvis .   E - staff of conjuration
rCold    . . .     Faith    .   (no shield)
rNeg     . . .     Spirit   .   D - +0 robe
rPois    .         Reflect  .   (no helmet)
rElec    .         Harm     .   (no cloak)
rCorr    .         Rampage  .   (no gloves)
MR       .....     NoTele   +   (no boots)
Stlth    ++........             (no amulet)
HPRegen  0.09/turn              w - +6 ring of intelligence
MPRegen  0.14/turn              v - +6 ring of intelligence

@: no status effects
A: no striking features
a: Renounce Religion


You were in the Dungeon.
You worshipped Sif Muna.
Sif Muna was noncommittal.
You visited 1 branch

Inventory:

Armour
 D - a +0 robe (worn)
Magical Staves
 E - an uncursed staff of conjuration (weapon)
Jewellery
 s - an uncursed ring of flight
 t - a +6 ring of dexterity
 u - a +6 ring of dexterity
 v - a +6 ring of intelligence (right hand)
 w - a +6 ring of intelligence (left hand)
 x - a +6 ring of strength
 y - a +6 ring of strength
Wands
 z - a wand of disintegration (7)
 A - a wand of iceblast (7)
 B - a wand of acid (7)
Scrolls
 h - 3 scrolls of blinking {!r}
 m - 4 scrolls of amnesia {!r}
 n - 7 scrolls of fog {!r}
 o - a scroll of holy word {!r}
 p - 5 scrolls of identify {!r}
 q - 5 scrolls of remove curse {!r}
 r - 2 scrolls of fear {!r}
Potions
 b - 2 potions of brilliance {!q}
 c - 9 potions of curing {!q}
 d - 8 potions of heal wounds {!q}
 e - 5 potions of haste {!q}
 f - 7 potions of magic {!q}
 g - 2 potions of berserk rage {!q}
 i - a potion of invisibility {!q}
 j - 3 potions of resistance {!q}
 k - a potion of experience {!q}
 l - 4 potions of might {!q}
Miscellaneous
 C - a lightning rod (4/4)


   Skills:
 - Level 2.4 Dodging
 - Level 2.4 Stealth
 + Level 6.2 Spellcasting
 * Level 7.3 Conjurations
 * Level 7.3 Fire Magic


You had 10 spell levels left.
You knew the following spells:

 Your Spells              Type           Power        Failure   Level
a - Foxfire               Conj/Fire      ####         1%          1
f - Fireball              Conj/Fire      ######....   5%          5

Your spell library contained the following spells:

 Spells                   Type           Power        Failure   Level
 Conjure Flame            Conj/Fire      ######..     1%          3
 Sticky Flame             Conj/Fire      ######..     1%          4
 Inner Flame              Hex/Fire       ####....     2%          3
 Blink                    Tloc           N/A          6%          2
 Ozocubu's Armour         Ice            ##......     13%         3
 Simulacrum               Ice/Necr       ##........   100%        6
 Disjunction              Tloc           ##........   100%        8


Dungeon Overview and Level Annotations

Branches:
Dungeon (1/1)

Altars:
Ashenzari
Cheibriados
Dithmenos
Elyvilon
Fedhas
Gozag
Hepliaklqana
Kikubaaqudgha
Makhleb
Nemelex Xobeh
Okawaru
Qazlal
Ru
Sif Muna
Trog
Uskayaw
Vehumet
Wu Jian
Xom
Yredelemnul
Zin
The Shining One
Beogh
Jiyva
Lugonu

Annotations:
D 1 transporter


Message History

The spell is extremely dangerous to cast (5% risk of failure)!
Continue anyway?
Press: ? - help, Shift-Dir - straight line
Okay, then.
Really quaff
c - 10 potions of curing {!q}?
You feel better.
You are engulfed in raging winds.
The air elemental closely misses you. The air elemental hits you!
* * * LOW HITPOINT WARNING * * *
The deep elf archer blinks!
The air elemental closely misses you.
Casting: Fireball (extremely dangerous; 5% risk of failure)
Confirm with . or Enter, or press ? or * to list all spells.
The spell is extremely dangerous to cast (5% risk of failure)!
Continue anyway?
Press: ? - help, Shift-Dir - straight line, f - you
Okay, then.
Really read
h - 4 scrolls of blinking {!r}?
Press: ? - help, Dir - move target cursor
As you read the scroll of blinking {!r}, it crumbles to dust.
You float gracefully downwards.
The deep elf archer shoots an arrow.
The arrow hits you!
Ouch! That really hurt!
You die...

▓▓▓▓▓▓▓▓▓▓▓▓▓
▓@8©8.▓.8©8.▓
▓.[):.▓.....▓
▓§...§▓.)...▓
▓§.§§.▓.....▓
▓§EE§e▓.....▓
▓§..§.▓..©..▓
▓§§§.§▓▓▓▓▓▓▓
▓▓▓▓▓▓▓


You could see a deep elf archer (repels missiles), an earth elemental and an air
elemental.

Vanquished Creatures
  A fire elemental (D)
  A fire vortex (D)
2 creatures vanquished.

Notes
Turn   | Place    | Note
-------+----------+-------------------------------------------
     0 | D        | sahdkjhfkaj the Deep Elf Fire Elementalist began the quest
                  | for the Orb.
     0 | D        | Reached XP level 1. HP: 10/10 MP: 6/6
     0 | D        | Found a shimmering blue altar of Sif Muna.
     0 | D        | Found a sacrificial altar of Ru.
     0 | D        | Found a bloodstained altar of Trog.
     0 | D        | Found a stormy altar of Qazlal.
     0 | D        | Found an iron altar of Okawaru.
     0 | D        | Found a sparkling altar of Nemelex Xobeh.
     0 | D        | Found a blossoming altar of Fedhas.
     1 | D        | Found the +6 Majin-Bo {vamp, MP+6 Int+6}
     1 | D        | Found the +9 heavy crossbow "Sniper" {vorpal, Acc+∞ SInv}
     1 | D        | Found the +10 dark maul {vorpal}
     1 | D        | Found the +15 Maxwell's patent armour {-Cast -Tele rElec
                  | MR+ rCorr}
     1 | D        | Found the +18 shield of the Gong {rElec rN+ MR+ EV-5}
     1 | D        | Found the cursed +14 obsidian axe {vorpal, +Fly SInv
                  | *Curse}
     1 | D        | Found the +7 great mace "Firestarter" {inner flame, rF++}
     1 | D        | Found the +6 shillelagh "Devastator" {shatter}
     1 | D        | Found the +11 plutonium sword {*Contam Stlth-}
     1 | D        | Found the +8 lance "Wyrmbane" {slay drac, rPois rF+ rC+
                  | AC+3}
     1 | D        | Found the +9 sword of Zonguldrok {reap}
     1 | D        | Found the cursed +13 scythe of Curses {drain, *Curse}
     1 | D        | Found the +0 sword of Power
     1 | D        | Found the +7 mace of Variability {chain chaos}
     1 | D        | Found the +7 Singing Sword {vorpal, sonic wave}
     1 | D        | Found the +8 storm bow {elec, penet}
     2 | D        | Found a transporter.
     2 | D        | Found an ancient bone altar of Kikubaaqudgha.
     2 | D        | Found a viscous altar of Jiyva.
     2 | D        | Found a corrupted altar of Lugonu.
     2 | D        | Found a hazy altar of Hepliaklqana.
     2 | D        | Found a burning altar of Makhleb.
     2 | D        | Found an opulent altar of Gozag.
     2 | D        | Banished a spatial maelstrom
   107 | D        | Became a worshipper of Sif Muna the Loreminder
   121 | D        | Entered arena 2.
   121 | D        | Noticed a fire elemental
   121 | D        | Found a transporter.
   127 | D        | Killed a fire elemental
   128 | D        | Reached XP level 2. HP: 13/15 MP: 11/11
   128 | D        | Reached XP level 3. HP: 17/19 MP: 12/12
   128 | D        | Reached XP level 4. HP: 21/24 MP: 14/14
   128 | D        | Reached XP level 5. HP: 25/28 MP: 14/15
   260 | D        | Got the Handbook of Congealing Displacement
   267 | D        | Learned a level 5 spell: Fireball
   271 | D        | Entered arena 3.
   271 | D        | Noticed a deep elf archer
   271 | D        | Noticed an air elemental
   271 | D        | Found a transporter.
   276 | D        | Shot with an arrow by a deep elf archer

Illustrated notes

Levels and vault maps discovered:
D:        sprint_v [room_start, room_1, room_2, room_3, room_4, room_5, room_6,
          room_7, room_8, room_9, room_10, room_11, room_12, room_13, room_14,
          room_15, room_16, room_17, room_18, room_19, room_20, room_21,
          room_22, room_23, room_24, room_25, room_26, room_27]

Skill      XL: |  1 |
---------------+----+-----
Conjurations   | 7 |  7.3
Spellcasting   | 6 |  6.2
Fire Magic     | 7 |  7.3
Dodging        | |  2.4
Stealth        | |  2.4

Action                   |  1- 3 |  4- 6 || total
-------------------------+-------+-------++-------
Melee: Quarterstaff      |     3 |     3 ||     6
 Cast: Fireball          |       |     1 ||     1
  Use: Potion            |     5 |     3 ||     8
       Scroll            |       |     1 ||     1
 Stab: Invisible         |       |     1 ||     1
Dodge: Dodged            |     1 |     5 ||     6

Table legend: (Time is in decaauts)
 A = Elapsed time spent in this place.
 B = Non-inter-level travel time spent in this place.
 C = Inter-level travel time spent in this place.
 D = Time resting spent in this place.
 E = Time spent auto-exploring this place.
 F = Levels seen in this place.
 G = Mean time per level.
                   A        B        C        D        E       F      G
               +--------+--------+--------+--------+--------+-----+--------+
         Total |    266 |    266 |      0 |    155 |     21 |   1 |  266.0 |
       Dungeon |    266 |    266 |      0 |    155 |     21 |   1 |  266.0 |
               +--------+--------+--------+--------+--------+-----+--------+

Top non-repeatable levels by time:
       D: 266 daAuts
